 Dungeon Sprint DCSS version 0.28-a0-1415-g7c84da036a (webtiles) character file.

Game seed: 1013242072741155164

308 jt the Unseen (level 6, -3/32 HPs)
             Began as a Spriggan Abyssal Knight on Jan 8, 2022.
             Was an Elder of Lugonu.
             Slain by a wandering mushroom (16 damage)
             ... in the Dungeon (Sprint IV: "Fedhas' Mad Dash").
             The game lasted 00:01:27 (450 turns).

jt the Unseen (Spriggan Abyssal Knight)              Turns: 450, Time: 00:01:28

Health: -3/32      AC:  2    Str: 11    XL:     6   Next: 16%
Magic:  9/11       EV: 18    Int: 11    God:    Lugonu [****..]
Gold:   108        SH:  0    Dex: 16    Spells: 5/5 levels left

rFire   . . .      SeeInvis +   a - +1 short sword
rCold   . . .      Faith    .   (no shield)
rNeg    . . .      Spirit   .   b - +0 robe
rPois   .          Reflect  .   (helmet restricted)
rElec   .          Harm     .   (no cloak)
rCorr   .          Rampage  .   (gloves unavailable)
Will    +....      NoTele   +   (boots unavailable)
Stlth   +++++++...              g - amulet of invisibility {+Inv}
HPRegen 0.10/turn               (no ring)
MPRegen 0.12/turn               (no ring)

@: very slightly contaminated, invisible, very quick
A: very small, no large weapons, unfitting armour, see invisible, speed 3
a: Renounce Religion, Evoke Invisibility, Bend Space, Banish, Corrupt


You were in the Dungeon.
You worshipped Lugonu.
Lugonu was greatly pleased with you.
You visited 1 branch You collected 108 gold pieces.

Inventory:

Hand Weapons
 a - a +1 short sword (weapon)
Armour
 b - a +0 robe (worn)
Jewellery
 g - the amulet of invisibility (around neck) {+Inv}
   (You found it in the Dungeon)

   [amulet of nothing]

   +Inv:      It lets you turn invisible.
Scrolls
 h - a scroll of blinking
 i - a scroll of torment {unknown}
Potions
 c - a potion of curing
 d - a potion of heal wounds
 e - a potion of haste
 f - 2 potions of magic
 j - a potion of might {unknown}


   Skills:
 - Level 2.4 Fighting
 - Level 2.1 Short Blades
 - Level 3.2 Dodging
 + Level 17.5 Stealth
 * Level 5.8 Invocations


You had 5 spell levels left.
You didn't know any spells.
Your spell library was empty.

Dungeon Overview and Level Annotations

Branches:
Dungeon (1/1)

Altars:
Cheibriados
Dithmenos
Elyvilon
Gozag
Hepliaklqana
Kikubaaqudgha
Makhleb
Nemelex Xobeh
Okawaru
Qazlal
Ru
Sif Muna
Trog
Uskayaw
Vehumet
Wu Jian
Xom
Yredelemnul
Zin
The Shining One
Beogh
Jiyva
Lugonu

Shops:
D :(


Innate Abilities, Weirdness & Mutations

You are very small and have problems with some larger weapons.
You are too small for most types of armour.
You have supernaturally acute eyesight. (SInv)
You cover ground extremely quickly. (Speed+++)


Message History

You can now corrupt the fabric of space.
You now have 77 gold pieces (gained 9).
You now have 86 gold pieces (gained 9).
Things that are here:
a +0 dagger; a +0 robe
Things that are here:
a +0 dagger; a +0 robe You now have 97 gold pieces (gained 11).
You open the door.
Found 11 gold pieces.
Found Xakhaat's Weapon Shop and Sasebb's Book Emporium.
There is an open door here.
There is an entrance to Xakhaat's Weapon Shop here.
There is an entrance to Sasebb's Book Emporium here.
There is an open door here.
You now have 108 gold pieces (gained 11).
You start resting.
Magic restored.
You fail to use your ability.
You fail to use your ability.
You fail to use your ability.
You fail to use your ability.
You fade into invisibility!
You are very lightly contaminated with residual magic.
You open the door.
A wandering mushroom and a burning bush come into view.
Found a scroll of blinking and 13 gold pieces.
A scorpion and a wandering mushroom come into view.
There is an open door here.
You hit the wandering mushroom but do no damage.
The wandering mushroom closely misses you.
The wandering mushroom barely misses you.
You see here a scroll of blinking.
You hit the burning bush but do no damage.
The wandering mushroom releases spores at you!!
Ouch! That really hurt!
You are engulfed in a cloud of spores!
The wandering mushroom misses you.
The wandering mushroom releases spores at you!
Ouch! That really hurt!
You die...

#####################
_._._.⌠.#..'.))#....#
._._._..'..#.†.#..sP+
_._._...#..###'##ff$#
._._._..#..##∩∩.@...#
_._._.⌠.#############
#########


You could see 2 wandering mushrooms, a burning bush and a scorpion (wandering).

Vanquished Creatures
  2 scorpions (D)
  4 oklob saplings (D)
  2 spriggans (D)
  A river rat (D)
  A rat (D)
10 creatures vanquished.

Notes
Turn   | Place    | Note
-------+----------+-------------------------------------------
     0 | D        | jt the Spriggan Abyssal Knight began the quest for the Orb.
     0 | D        | Reached XP level 1. HP: 11/11 MP: 3/3
     8 | D        | Reached skill level 2 in Stealth
    14 | D        | Reached ** piety under Lugonu
    15 | D        | Reached skill level 6 in Stealth
    15 | D        | Reached XP level 2. HP: 6/16 MP: 4/4
   211 | D        | Noticed an oklob sapling
   212 | D        | Killed an oklob sapling
   213 | D        | Reached skill level 9 in Stealth
   213 | D        | Reached XP level 3. HP: 19/19 MP: 5/5
   214 | D        | Noticed a scorpion
   214 | D        | Found the amulet of invisibility {+Inv}
   219 | D        | Killed a scorpion
   220 | D        | Reached skill level 13 in Stealth
   220 | D        | Reached XP level 4. HP: 23/23 MP: 6/6
   308 | D        | Found an opulent altar of Gozag.
   308 | D        | Found a hazy altar of Hepliaklqana.
   308 | D        | Found a snail-covered altar of Cheibriados.
   309 | D        | Found a viscous altar of Jiyva.
   309 | D        | Found a burning altar of Makhleb.
   309 | D        | Found a sparkling altar of Nemelex Xobeh.
   309 | D        | Found a sacrificial altar of Ru.
   309 | D        | Found a shimmering blue altar of Sif Muna.
   309 | D        | Found a bloodstained altar of Trog.
   309 | D        | Found an ornate altar of the Wu Jian Council.
   309 | D        | Found a shimmering altar of Xom.
   309 | D        | Found a basalt altar of Yredelemnul.
   310 | D        | Found an iron altar of Okawaru.
   310 | D        | Found a shadowy altar of Dithmenos.
   310 | D        | Found a glowing silver altar of Zin.
   311 | D        | Found an ancient bone altar of Kikubaaqudgha.
   311 | D        | Found a hide-covered altar of Uskayaw.
   312 | D        | Found a stormy altar of Qazlal.
   312 | D        | Found a white marble altar of Elyvilon.
   312 | D        | Found a glowing golden altar of the Shining One.
   313 | D        | Found a corrupted altar of Lugonu.
   313 | D        | Found a radiant altar of Vehumet.
   317 | D        | Reached skill level 15 in Stealth
   317 | D        | Reached XP level 5. HP: 27/27 MP: 4/7
   327 | D        | Reached *** piety under Lugonu
   328 | D        | Reached skill level 16 in Stealth
   370 | D        | Noticed a queen bee
   407 | D        | Reached skill level 17 in Stealth
   408 | D        | Reached skill level 5 in Invocations
   408 | D        | Reached XP level 6. HP: 32/32 MP: 8/11
   409 | D        | Reached **** piety under Lugonu
   418 | D        | Found Xakhaat's Weapon Shop.
   418 | D        | Found Sasebb's Book Emporium.
   443 | D        | Noticed a burning bush
   443 | D        | Noticed a wandering mushroom
   444 | D        | Noticed a wandering mushroom
   450 | D        | Slain by a wandering mushroom

Illustrated notes

Levels and vault maps discovered:
D:        dungeon_sprint_fedhas [sprint_temple]

Skill      XL: |  1  2  3  4  5 |
---------------+----------------+-----
Stealth        | 6 9 13 15 17 | 17.5
Invocations    | 5 |  5.8
Fighting       | |  2.4
Short Blades   | |  2.1
Dodging        | |  3.2

Action                   |  1- 3 |  4- 6 || total
-------------------------+-------+-------++-------
Melee: Short sword       |    12 |     8 ||    20
 Abil: Evoke Invisibilit |       |     3 ||     3
  Use: Potion            |     1 |       ||     1
 Stab: Sleeping          |     1 |     6 ||     7
Armor: Robe              |     1 |       ||     1
Dodge: Dodged            |     7 |     3 ||    10

Table legend: (Time is in decaauts)
 A = Elapsed time spent in this place.
 B = Non-inter-level travel time spent in this place.
 C = Inter-level travel time spent in this place.
 D = Time resting spent in this place.
 E = Time spent auto-exploring this place.
 F = Levels seen in this place.
 G = Mean time per level.
                   A        B        C        D        E       F      G
               +--------+--------+--------+--------+--------+-----+--------+
         Total |    410 |    401 |      9 |    274 |      0 |   1 |  410.0 |
       Dungeon |    410 |    401 |      9 |    274 |      0 |   1 |  410.0 |
               +--------+--------+--------+--------+--------+-----+--------+

Top non-repeatable levels by time:
       D: 410 daAuts
